 Dungeon Crawl Stone Soup version 0.30-a0-377-g5cb311bc9f (webtiles) character file.

Game seed: 8233763560237681123

44 qeuew the Trooper (level 3, -1/29 HPs)
             Began as a Demonspawn Chaos Knight on Nov 28, 2022.
             Was a Plaything of Xom.
             Killed by nerve-wracking pain
             ... invoked by Jessica
              (13 damage)
             ... on level 2 of the Dungeon.
             The game lasted 00:00:57 (977 turns).

qeuew the Trooper (Demonspawn Chaos Knight)          Turns: 977, Time: 00:00:57

Health: -1/29      AC:  5    Str: 14    XL:     3   Next: 41%
Magic:  3/3        EV: 11    Int: 13    God:    Xom [*.....]
Gold:   80         SH:  0    Dex: 12    Spells: 2/2 levels left

rFire   . . .      SeeInvis .    a - +0 hand axe (chaos)
rCold   . . .      Faith    .    (no shield)
rNeg    . . .      Spirit   .    b - +2 leather armour
rPois   .          Reflect  .    (helmet restricted)
rElec   .          Harm     .    (no cloak)
rCorr   .          Rampage  .    (no gloves)
Will    .....                    (no boots)
Stlth   +.........               (no amulet)
HPRegen 0.24/turn                g - ring of flight
MPRegen 0.16/turn                (no ring)

@: flying
A: antennae 1, magic regeneration
a: Renounce Religion


You were on level 2 of the Dungeon.
You worshipped Xom.
You were a special plaything of Xom.
You visited 1 branch of the dungeon, and saw 2 of its levels.

You collected 80 gold pieces.

Inventory:

Hand Weapons
 a - a +0 hand axe of chaos (weapon)
Armour
 b - a +2 leather armour (worn)
Jewellery
 g - a ring of flight (left hand)
Potions
 d - a potion of flight {unknown}
Miscellaneous
 c - a piece from Xom's chessboard (15/15) (quivered)


   Skills:
 + Level 3.3 Fighting
 + Level 3.0 Axes
 + Level 2.2 Armour
 + Level 1.5 Dodging
 + Level 1.1 Evocations


You had 2 spell levels left.
You didn't know any spells.
Your spell library contained the following spells:

 Spells                   Type           Power      Damage    Failure   Level
 Yara's Violent Unravell  Hex/Tmut       0%         3d3       100%        5
 Enfeeble                 Hex            0%         N/A       100%        7


Dungeon Overview and Level Annotations

Branches:
Dungeon (2/15)

Altars:

Annotations:
D:2 Jessica


Innate Abilities, Weirdness & Mutations

You have a pair of small antennae on your head.
You regenerate magic rapidly.


Message History

No target in view!
No target in view!
Jessica the Apprentice Sorceress comes into view.
She is wielding a +0 club, wearing a +2 robe of fire resistance and carrying a wand of flame (16).
Jessica shouts!
Jessica is nearby!
Jessica is nearby!
Jessica zaps a wand.
The puff of flame hits you!
You hit Jessica but do no damage. Jessica casts a spell at you.
You barely resist. You hit Jessica.
Jessica seems to grow stronger.
Xom thinks this is hilarious!
Jessica is lightly wounded.
Jessica closely misses you.
You hit Jessica.
Jessica is severely wounded.
Jessica zaps a wand.
The puff of flame hits you!
You emit a cloud of colourful smoke!
You are too injured to fight recklessly!
You are too injured to fight recklessly!
You are too injured to fight recklessly!
You are too injured to fight recklessly!
You are too injured to fight recklessly!
You are too injured to fight recklessly!
You are too injured to fight recklessly!
You are too injured to fight recklessly!
You are too injured to fight recklessly!
You are too injured to fight recklessly!
You are too injured to fight recklessly!
You are too injured to fight recklessly!
You are too injured to fight recklessly!
You are too injured to fight recklessly!
Jessica is nearby!
Jessica is nearby!
Unknown command.
You barely miss Jessica.
Jessica is severely wounded.
Jessica gestures at you while chanting. Pain shoots through your body!
You die...

#.# #.#
######### #.
#.......# ..
#.#####.#
#.#.######.###
#.#
...........###.#
.
#.######.......#
.. #...##§§# .)
#...##§@# .
#.....§@# #
##..##.##
#.###.# #.# #.
#.###.# #.....#
#.##### ##.##


You could see Jessica (strong).

Vanquished Creatures
  An adder (D:2)
  2 dart slugs (D:2)
  A ball python (D:1)
  3 endoplasms
  A giant cockroach (D:2)
  2 goblins (D:1)
  4 hobgoblins
  3 jackals (D:1)
  A quokka (D:1)
  2 bats (D:1)
  A frilled lizard (D:1)
  4 kobolds
  2 rats (D:1)
27 creatures vanquished.

Notes
Turn   | Place    | Note
-------+----------+-------------------------------------------
     0 | D:1      | qeuew the Demonspawn Chaos Knight began the quest for the
                  | Orb.
     0 | D:1      | Reached XP level 1. HP: 18/18 MP: 1/1
    77 | D:1      | XOM: butterfly on damage
    82 | D:1      | Reached skill level 1 in Dodging
   192 | D:1      | Gained mutation: You regenerate magic rapidly. [demonic
                  | ancestry]
   192 | D:1      | Reached XP level 2. HP: 21/24 MP: 2/2
   540 | D:1      | XOM: noise
   755 | D:2      | XOM: silly message
   768 | D:2      | Reached skill level 1 in Evocations
   768 | D:2      | Gained mutation: You have a pair of small antennae on your
                  | head. [demonic ancestry]
   768 | D:2      | Reached XP level 3. HP: 16/29 MP: 3/3
   863 | D:2      | Found a faded altar of an unknown god.
   873 | D:2      | XOM: divination: magic mapping
   970 | D:2      | Noticed Jessica
   976 | D:2      | XOM: smoke on damage
   977 | D:2      | Killed from afar by Jessica

Illustrated notes

Levels and vault maps discovered:
D:1:      dpeg_arrival_tiny_a, layout_loops_ring
D:2:      layout_loops_corners, basic_altar, basic_ecumenical_altar,
          uniq_jessica

Skill      XL: |  1  2 |
---------------+-------+-----
Dodging        | 1 |  1.5
Armour         | 2 |  2.2
Axes           | 3 |  3.0
Evocations     | 1 |  1.1
Fighting       | |  3.3

Action                   || total
-------------------------++-------
Melee: Hand axe          ||    75
  Use: Scroll            ||     3
 Stab: Sleeping          ||     2
Armor: Leather armour    ||    17
Dodge: Dodged            ||    41

Table legend: (Time is in decaauts)
 A = Elapsed time spent in this place.
 B = Non-inter-level travel time spent in this place.
 C = Inter-level travel time spent in this place.
 D = Time resting spent in this place.
 E = Time spent auto-exploring this place.
 F = Levels seen in this place.
 G = Mean time per level.
                   A        B        C        D        E       F      G
               +--------+--------+--------+--------+--------+-----+--------+
         Total |    988 |    968 |     20 |      0 |    787 |   2 |  494.0 |
       Dungeon |    988 |    968 |     20 |      0 |    787 |   2 |  494.0 |
               +--------+--------+--------+--------+--------+-----+--------+

Top non-repeatable levels by time:
     D:1: 746 daAuts
     D:2: 242 daAuts
